 Dungeon Crawl Stone Soup version 0.26-b1-32-g5d43845318 (webtiles) character file.

Game seed: 3357195936906952855

44 dohliylev the Stinger (level 3, -3/19 HPs)
             Began as a Gargoyle Venom Mage on Jan 11, 2021.
             Killed by nerve-wracking pain
             ... invoked by an orc priest
              (6 damage)
             ... on level 2 of the Dungeon.
             The game lasted 00:05:56 (1585 turns).

dohliylev the Stinger (Gargoyle Venom Mage)         Turns: 1585, Time: 00:05:57

Health: -3/19      AC:  6    Str: 11    XL:     3   Next: 62%
Magic:  1/6        EV: 11    Int: 16    God:
Gold:   89         SH:  0    Dex:  6    Spells: 3/6 levels left

rFire    . . .     SeeInvis .   (no weapon)
rCold    . . .     Faith    .   (no shield)
rNeg     + . .     Spirit   .   f - +0 robe
rPois    ∞         Reflect  .   (no helmet)
rElec    +         Harm     .   (no cloak)
rCorr    .         Rampage  .   (no gloves)
Will     .....                  d - +0 pair of boots (curse)
Stlth    +.........             (no amulet)
HPRegen  0.06/turn              b - -4 ring of dexterity (curse)
MPRegen  0.10/turn              (no ring)

@: no status effects
A: negative energy resistance 1, electricity resistance, unbreathing,
petrification resistance, miasma immunity, AC +3
a: no special abilities


You were on level 2 of the Dungeon.
You visited 1 branch of the dungeon, and saw 2 of its levels.

You collected 89 gold pieces.

Inventory:

Armour
 d - a cursed +0 pair of boots (worn)
 f - a +0 robe (worn)
Jewellery
 b - a cursed -4 ring of dexterity (left hand)
 i - an uncursed amulet of regeneration {unknown}
Scrolls
 a - a scroll of fog {unknown}
Potions
 c - 2 potions of heal wounds
 e - a potion of curing {unknown}
 g - a potion of experience {unknown}
 h - a potion of resistance {unknown}


   Skills:
 - Level 1.5 Dodging
 - Level 2.1 Stealth
 - Level 2.0 Spellcasting
 - Level 0.7 Transmutations
 - Level 0.2 Air Magic
 + Level 4.4 Poison Magic


You had 3 spell levels left.
You knew the following spells:

 Your Spells              Type           Power        Failure   Level
a - Sting                 Tmut/Pois      36%          7%          1
b - Poisonous Vapours     Pois/Air       18%          12%         2

Your spell library contained the following spells:

 Spells                   Type           Power        Failure   Level
 Ignite Poison            Fire/Tmut/Pois 7%           30%         3
 Mephitic Cloud           Conj/Pois/Air  6%           32%         3
 Olgreb's Toxic Radiance  Pois           15%          32%         4


Dungeon Overview and Level Annotations

Branches:
Dungeon (2/15)

Altars:
Fedhas


Innate Abilities, Weirdness & Mutations

You are resistant to torment.
Your stone body is resilient. (AC +3)
You are immune to poison.
You resist negative energy. (rN+)
You are resistant to electric shocks. (rElec)
You can survive without breathing.
You are immune to petrification.
You are immune to miasma.


Message History

Aim: an orc priest, wielding a +0 hand axe and wearing a +0 ring mail Poisonous vapours surround the orc priest!
The orc priest is engulfed in poison gas.
The orc priest is poisoned.
Casting: Poisonous Vapours (safe; 12% risk of failure)
Confirm with . or Enter, or press ? or * to list all spells.
Aiming: Poisonous Vapours (safe; 12% risk of failure)
Press: ? - help, Dir - move target, f/p - orc priest
Aim: an orc priest, wielding a +0 hand axe and wearing a +0 ring mail (lightly wounded, poisoned) Poisonous vapours surround the orc priest!
The orc priest looks even sicker.
The orc priest invokes the aid of Beogh against you.
Beogh smites you!
Ouch! That really hurt!
* * * LOW HITPOINT WARNING * * *
There is an open door here.
There is an open door here.
The orc priest invokes the aid of Beogh against you.
Pain shoots through your body!
You die...

#.# #.# ... #.# #.# ... ##+#
####.## ### #.# ##...##
#..... ..# #.# ##.....##
#.##.# #.# #.#
##.......###.##.## #.# #.#
#.........##.#...###.#####..
+.........'@................
#.........##.#...###.#######
#...>...###.##..# #.# #
##.....## #.........#
##..o## #####.##### ##'##
#.# #.# #.# #.# #. .o#


You could see an orc priest (poisoned).

Vanquished Creatures
  A worm (D:2)
  A dart slug (D:1)
  A leopard gecko (D:2)
  An orc (D:2)
  A ball python (D:1)
  5 bats
  4 goblins
  6 hobgoblins
  3 jackals (D:2)
  2 kobolds
  2 quokkas (D:2)
  2 frilled lizards (D:1)
  4 rats
33 creatures vanquished.

Notes
Turn   | Place    | Note
-------+----------+-------------------------------------------
     0 | D:1      | dohliylev the Gargoyle Venom Mage began the quest for the
                  | Orb.
     0 | D:1      | Reached XP level 1. HP: 10/10 MP: 3/3
   211 | D:1      | Reached XP level 2. HP: 15/15 MP: 3/5
   215 | D:1      | Learned a level 2 spell: Poisonous Vapours
   520 | D:1      | Learned a level 2 spell: Poisonous Vapours
   839 | D:2      | Reached skill level 4 in Poison Magic
   864 | D:2      | Found a blossoming altar of Fedhas.
   873 | D:2      | Reached XP level 3. HP: 5/19 MP: 0/6
  1585 | D:2      | Killed from afar by an orc priest

Illustrated notes

Levels and vault maps discovered:
D:1:      wander_arrival_chamber, layout_basic
D:2:      layout_loops_corners, fedhas_altar_2, serial_bayou_crossing

Skill      XL: |  1  2 |
---------------+-------+-----
Poison Magic   | 4 |  4.4
Dodging        | |  1.5
Stealth        | |  2.1
Spellcasting   | |  2.0
Transmutations | |  0.7
Air Magic      | |  0.2

Action                   || total
-------------------------++-------
Melee: Unarmed           ||    41
 Cast: Sting             ||    28
       Poisonous Vapours ||    22
  Use: Scroll            ||     2
Armor: Robe              ||    24
Dodge: Dodged            ||    35
